 Dungeon Crawl Stone Soup version 0.25-a0-822-g6581751b11 (webtiles) character file.

Game seed: 12729555747796851243, levelgen mode: deterministic

107 MisterFreud the Changer (level 4, 0/28 HPs)
             Began as an Octopode Transmuter on Apr 20, 2020.
             Succumbed to a worker ant's poison
             ... on level 3 of the Dungeon.
             The game lasted 00:03:38 (1686 turns).

MisterFreud the Changer (Octopode Transmuter)       Turns: 1686, Time: 00:03:38

Health: 0/28       AC:  1    Str:  9    XL:     4   Next: 86%
Magic:  8/8        EV: 14    Int: 16    God:
Gold:   73         SH:  0    Dex: 16    Spells: 3/9 levels left

rFire    + + .     SeeInvis .     - Unarmed
rCold    . . .     Gourm    .   (no shield)
rNeg     . . .     Faith    .   (helmet restricted)
rPois    +         Spirit   .   (no amulet)
rElec    +         Reflect  .   g - ring of fire
rCorr    +         Harm     .   r - +4 ring of dexterity
MR       .....                  (no ring)
Stlth    ++........             (no ring)
HPRegen  0.09/turn              (no ring)
MPRegen  0.11/turn              (no ring)
                                (no ring)
                                (no ring)

@: lethally poisoned (0 -> -2), resistant
A: almost no armour, stealthy swim, amphibious, 8 rings, constrict 8, camouflage
1, gelatinous body 1
a: no special abilities


You were on level 3 of the Dungeon.
You were hungry.

You visited 1 branch of the dungeon, and saw 5 of its levels.

You collected 73 gold pieces.

Inventory:

Missiles
 a - 66 arrows
 f - 103 stones (quivered)
 i - 13 bolts
 n - 19 poisoned darts
 s - 13 sling bullets
Jewellery
 g - a ring of fire (left tentacle)
 r - a +4 ring of dexterity (right tentacle)
Scrolls
 e - 4 scrolls of identify
 j - a scroll of fear {unknown}
 k - a scroll of immolation {unknown}
 l - 2 scrolls of teleportation {unknown}
 m - a scroll of enchant weapon {unknown}
 p - 2 scrolls of remove curse {unknown}
 q - a scroll of enchant armour {unknown}
Potions
 d - a potion of mutation
 h - 3 potions of degeneration
Comestibles
 b - a chunk of flesh
 c - 7 rations


   Skills:
 - Level 1.0 Fighting
 - Level 2.0 Dodging
 - Level 3.0 Unarmed Combat
 - Level 3.0 Spellcasting
 * Level 4.2 Transmutations


You had 3 spell levels left.
You knew the following spells:

 Your Spells              Type           Power        Failure   Level  Hunger
a - Beastly Appendage     Tmut           ###...       3%          1    #......
b - Sticks to Snakes      Tmut           ###.....     4%          2    ##.....
c - Spider Form           Tmut/Pois      #.........   24%         3    ###....

Your spell library contained the following spells:

 Spells                   Type           Power        Failure   Level  Hunger
 Ice Form                 Ice/Tmut       #.......     61%         4    #####..
 Blade Hands              Tmut           ###.......   67%         5    ######.


Dungeon Overview and Level Annotations

Branches:
Dungeon (5/15)
 Temple: D:4-7

Altars:
Nemelex Xobeh

Annotations:
D:3 DrMuscles's ghost, amateur FoFi


Innate Abilities, Weirdness & Mutations

You cannot wear most types of armour.
You are very stealthy in the water. (Stealth+)
You are amphibious.
You can wear up to eight rings at the same time.
You can use your tentacles to constrict eight enemies at once.
Your skin changes colour to match your surroundings (Stealth+).
Your rubbery body absorbs attacks. (AC +1, EV +1)


Message History

* * * LOW HITPOINT WARNING * * *
You feel sick.
* * * LOW HITPOINT WARNING * * *
You feel sick.
DrMuscles's ghost turns its malevolent gaze towards you.
Found a leather armour and a ring of fire.
* * * LOW HITPOINT WARNING * * *
You feel sick.
The white imp shouts!
* * * LOW HITPOINT WARNING * * *
You feel sick.
* * * LOW HITPOINT WARNING * * *
You feel sick.
* * * LOW HITPOINT WARNING * * *
You feel sick.
* * * LOW HITPOINT WARNING * * *
You feel sick.
Found a stone staircase leading down.
Found a hand axe.
You die...

.# ######.# ..#...#
.#### ......#
.....###.. #.#
.........# #.# ####
.).......###.#####.....
..>....@...............
#####....###.#####.....
###### #...........
####..##### #.....##
#.# .....###..# #..
..#### ##.###.# .
#..##.# .. ##.....


There were no monsters in sight!

Vanquished Creatures
  Terence (D:2)
  A worker ant (D:3)
  An ooze (D:1)
  A dart slug (D:2)
  3 leopard geckos
  An orc (D:3)
  4 bats
  3 giant cockroaches
  5 hobgoblins
  2 jackals (D:1)
  A quokka (D:5)
  A ball python (D:1)
  5 frilled lizards
  A goblin (D:3)
  8 kobolds
  10 rats
48 creatures vanquished.

Notes
Turn   | Place    | Note
-------+----------+-------------------------------------------
     0 | D:1      | MisterFreud the Octopode Transmuter began the quest for the
                  | Orb.
     0 | D:1      | Reached XP level 1. HP: 13/13 MP: 3/3
   323 | D:1      | Reached XP level 2. HP: 6/18 MP: 5/5
   579 | D:1      | Learned a level 2 spell: Sticks to Snakes
   796 | D:1      | Reached skill level 3 in Transmutations
   804 | D:1      | Reached XP level 3. HP: 23/23 MP: 6/6
   809 | D:1      | Learned a level 3 spell: Spider Form
   929 | D:2      | Found a sparkling altar of Nemelex Xobeh.
  1152 | D:2      | Noticed Terence
  1164 | D:2      | Killed Terence
  1164 | D:2      | Reached XP level 4. HP: 22/28 MP: 4/8
  1499 | D:3      | You fall into a shaft and drop 2 floors!
  1499 | D:5      | Entered Level 5 of the Dungeon
  1658 | D:3      | Reached skill level 4 in Transmutations
  1668 | D:3      | Noticed DrMuscles's ghost (amateur FoFi)
  1678 | D:3      | HP: 1/28 [poisoned by a worker ant]
  1686 | D:3      | Succumbed to a worker ant's poison

Levels and vault maps discovered:
D:1:      lemuel_arrival_lava_pool, layout_basic, minivault_19
D:2:      layout_rooms, nemelex_xobeh_ov_fountains_minmay, uniq_terence
D:3:      layout_basic, gammafunk_ghost_icy, hangedman_ru_absence
D:4:      layout_loops_ring, lemuel_blue_sif_altar, minmay_mini_jars
D:5:      layout_basic, first_ration, minmay_misc_feat_tower,
          lemuel_old_faithful, uniq_sigmund

Skill      XL: |  1  2  3  4 |
---------------+-------------+-----
Transmutations | 3 4 |  4.2
Spellcasting   | 3 |  3.0
Fighting       | |  1.0
Dodging        | |  2.0
Unarmed Combat | |  3.0

Action                   |  1- 3 |  4- 6 || total
-------------------------+-------+-------++-------
Melee: Unarmed           |    75 |    41 ||   116
       Tentacles         |    13 |     4 ||    17
       Kick              |     6 |     3 ||     9
       Constrict         |    17 |    11 ||    28
       Punch             |       |     1 ||     1
 Cast: Beastly Appendage |     2 |     1 ||     3
       Spider Form       |     1 |     1 ||     2
 Abil: End Transformatio |       |     1 ||     1
  Use: Scroll            |       |     3 ||     3
       Potion            |       |     1 ||     1
 Stab: Sleeping          |     2 |     2 ||     4
  Eat: Chunk             |     1 |     1 ||     2
Armor: Skin              |     5 |     2 ||     7
Dodge: Dodged            |    40 |    29 ||    69

Table legend:
 A = Non-vault XP
 B = Vault XP
 C = Vault XP percentage of total XP
 D = Non-vault monster count
 E = Vault monster count
 F = Vault count percentage of total count
                 A         B        C        D         E       F
            +---------+---------+-------+---------+---------+-------
      Total |     118 |      36 |  23.4 |      47 |       1 |   2.1
            +---------+---------+-------+---------+---------+-------
        D:1 |      37 |       0 |   0.0 |      20 |       0 |   0.0
        D:2 |      32 |      36 |  52.9 |      19 |       1 |   5.0
        D:3 |      44 |       0 |   0.0 |       6 |       0 |   0.0
        D:4 |       3 |       0 |   0.0 |       1 |       0 |   0.0
        D:5 |       2 |       0 |   0.0 |       1 |       0 |   0.0
            +---------+---------+-------+---------+---------+-------
